 Dungeon Crawl Stone Soup version bcrawl-1.12-8-g964540c432 (webtiles) character file.

Game seed: 7668251988357063035

5009 MisterOstroum the Grappler (level 10, 0/107 HPs)
             Began as a Troll Berserker on June 3, 2019.
             Was an Elder of Trog.
             Succumbed to Harold's poison
             ... on level 9 of the Dungeon.
             The game lasted 00:44:47 (5597 turns).

MisterOstroum the Grappler (Troll Berserker)        Turns: 5597, Time: 00:44:48

Health: 0/107      AC:  8    Str: 30    XL:     10   Next: 29%
Magic:  9/9        EV: 10    Int:  4    God:    Trog [****..]
Gold:   672        SH:  0    Dex:  9    Spells: 9/9 levels left

rFire    . . .     SeeInvis .     - Unarmed
rCold    . . .     Gourm    +   (no shield)
rNeg     . . .     Faith    .   (armour unavailable)
rPois    .         Spirit   .   (helmet restricted)
rElec    .         Reflect  .   n - scarf {cloud immunity}
rCorr    .         Harm     .   (gloves unavailable)
MR       .....                  (boots unavailable)
Stlth    +.........             q - amulet of regeneration
HPRegen  1.07/turn              (no ring)
MPRegen  0.11/turn              (no ring)

@: lethally poisoned (0 -> -6), berserk cooldown
A: large, almost no armour, unfitting armour, claws 3, fast metabolism 3,
gourmand, regeneration 1, AC +8
a: Berserk, Trog's Hand, Brothers in Arms, Renounce Religion


You were on level 9 of the Dungeon.
You worshipped Trog.
Trog was greatly pleased with you.
You were full.

You visited 1 branch of the dungeon, and saw 9 of its levels.
You also visited: Sewer.

You collected 672 gold pieces.

Inventory:

Missiles
 c - 388 tomahawks
 f - 364 stones
 h - 147 javelins (quivered)
 v - 146 steel javelins
 w - 49 javelins of penetration
Armour
 n - a scarf of cloud immunity (worn)
Jewellery
 q - an amulet of regeneration (around neck)
Wands
 p - a wand of polymorph (6)
 y - a wand of iceblast (13)
Scrolls
 a - 2 scrolls of noise
 b - 4 scrolls of identify {@r1}
 g - a scroll of fog {!r}
 i - a scroll of enchant armour {unknown}
 l - 6 scrolls of remove curse {@r2}
 m - 2 scrolls of teleportation {@r3 !r}
 s - 2 scrolls of immolation
 u - a scroll of fear {!r}
 A - a scroll of blinking {unknown}
 E - a scroll of magic mapping {unknown}
Potions
 d - a potion of flight
 k - a potion of haste {unknown}
 o - a potion of mutation {unknown}
 r - a potion of magic {unknown}
 t - 2 potions of agility {unknown}
 z - a potion of lignification {unknown}
 B - a potion of cancellation {unknown}
 C - 2 potions of curing
 D - a potion of might {unknown}
Comestibles
 e - 12 rations {!d}


   Skills:
 * Level 9.0 Fighting
 + Level 6.2 Throwing
 + Level 2.7 Dodging
 + Level 9.1 Unarmed Combat
 + Level 0.9 Evocations


You had 9 spell levels left.
You didn't know any spells.
Your spell library was empty.

Dungeon Overview and Level Annotations

Branches:
Dungeon (9/12)
 Temple: D:4-7         Lair: D:7-10         Orc: D:8-11

Altars:
Cheibriados
Elyvilon
Kikubaaqudgha
Nemelex Xobeh
Sif Muna
Vehumet
Yredelemnul
Zin

Annotations:
D:6 3 runed translucent doors, tellerius's ghost, novice GrMo
D:9 Harold


Innate Abilities, Weirdness & Mutations

You cannot wear most types of armour.
Your thick skin is tough. (AC +8)
You are too large for most types of armour.
You have claws for hands.
Your metabolism is lightning-fast.
You like to eat raw meat.
Your natural rate of healing is unusually fast.


Message History

You feel a strong urge to attack something.
Harold barely misses you.
You're too confused to move!
Harold hits you from afar with a +1 trident of venom!
You are poisoned.
You feel your anger nearly subside.
You feel sick.
You are no longer berserk.
You are exhausted.
You feel yourself slow down.
You feel sick.
You bump into the rock wall.
You feel sick.
Harold throws a throwing net.
The throwing net completely misses you.
You feel less confused.
You feel sick. Harold casts a spell at you. The bolt of fire hits you!
You feel sick.
You feel sick.
You feel sick.
Okay, then.
You feel sick.
Harold zaps a wand.
Your will is overpowered!
You are confused.
Press: ? - help, v - describe, . - travel The floor.
Evoke which item? (* to show all) (? for menu, Esc to quit)
You're too confused!
You feel sick.
You're too confused to move!
You feel sick.
Harold zaps a wand.
You easily resist.
Harold zaps a wand.
You easily resist.
Harold zaps a wand.
Your will is overpowered!
You are more confused.
You feel sick.
Harold zaps a wand.
Your will is overpowered!
You are more confused.
You feel sick. Harold barely misses you.
Harold zaps a wand.
You easily resist.
You bump into the rock wall.
Harold zaps a wand.
Your will is overpowered!
You are more confused.
You bump into the rock wall.
You feel sick. Harold casts a spell at you. The bolt of fire hits you!
You're too confused!
Harold hits you from afar with a +1 trident of venom!!
You are more poisoned.
You're too confused to move!
You feel very sick. Harold barely misses you.
Really quaff
j - 3 potions of heal wounds {@q2 !q}?
You feel much better.
You feel sick.
Harold points at you and mumbles some strange words.
The bolt of fire hits you!
Harold zaps a wand.
You easily resist.
You feel sick.
You feel sick.
Harold zaps a wand.
You easily resist.
The now-empty wand crumbles to dust.
Harold barely misses you.
Really quaff
j - 2 potions of heal wounds {@q2 !q}?
You feel much better.
You feel sick.
Harold hits you with a +1 trident of venom.
You are more poisoned.
You feel very sick.
Harold points at you and mumbles some strange words.
The bolt of fire hits you!
You feel yourself speed up.
You feel very sick.
Harold says, "This is so exciting!
What a great way to end my career!"
Harold hits you with a +1 trident of venom!
You are more poisoned.
Harold hits you with a +1 trident of venom.
You are more poisoned.
It was a potion of curing.
You feel better. Harold casts a spell at you. The bolt of fire hits you!
* * * LOW HITPOINT WARNING * * *
Really quaff
j - a potion of heal wounds {@q2 !q}?
You feel much better.
Harold hits you with a +1 trident of venom!
* * * LOW HITPOINT WARNING * * *
You are poisoned.
You barely miss Harold. You claw Harold.
Harold is lightly wounded.
You feel sick. Harold hits you but does no damage.
You are more poisoned.
You claw Harold!
Harold is lightly wounded.
You feel sick.
You scratch Harold but do no damage.
Harold is lightly wounded.
You feel sick.
Harold says, "Bounty hunting has been great, but I can't wait to retire."
Harold hits you with a +1 trident of venom.
* * * LOW HITPOINT WARNING * * *
You are more poisoned.
Evoke which item? (* to show all) (? for menu, Esc to quit)
Okay, then.
You scratch Harold.
Harold is lightly wounded.
You feel sick.
Harold hits you with a +1 trident of venom!
* * * LOW HITPOINT WARNING * * *
Harold blocks your attack.
Harold is lightly wounded.
You die...

#....# #. #....#
. #....#### ##.#
#.......###..#
####.≈≈)≈≈..#
#.≈#'#≈..#
#..+_'...#
#.≈#+#≈..#
#.≈≈.≈≈.@#
#.......@#
#........#######
#..............#
########.......+
#..(....#
#.......#
###.##### #.#


You could see Harold.

Vanquished Creatures
  A rakshasa (D:9)
  A manticore (D:8)
  A centaur skeleton (D:8)
  A troll (D:7)
  A hornet (D:7)
  Grinder (D:3)
  A hippogriff (D:7)
  A spriggan (D:7)
  2 hungry ghosts
  An acid dragon (D:8)
  A black bear (D:7)
  2 hornet zombies
  An ice beast (D:7)
  A necrophage (D:7)
  3 centaurs
  2 crocodiles
  3 bullfrogs
  A gnoll sergeant (D:7)
  A wyvern skeleton (D:8)
  A scorpion (D:7)
  2 wights (D:7)
  A howler monkey (D:8)
  A crimson imp (D:8)
  A bullfrog zombie (D:6)
  A centaur zombie (D:5)
  2 quasits
  3 hounds
  3 orc priests
  A bullfrog skeleton (D:8)
  An iguana (D:3)
  5 orc wizards
  Ijyb (D:3)
  Terence (D:3)
  5 worker ants
  A mummy (D:7)
  2 worker ant zombies
  11 gnolls
  6 adders
  A shadow imp (D:7)
  2 oozes
  2 adder zombies
  An adder skeleton (D:4)
  A worm (D:4)
  4 leopard geckos
  36 orcs
  2 ball pythons (D:4)
  9 bats
  5 giant cockroaches
  8 hobgoblins
  4 jackals
  4 kobolds
  2 quokkas
  2 frilled lizards (D:2)
  2 goblins
  5 rats
165 creatures vanquished.

Vanquished Creatures (others)
  A quokka (D:7)
1 creature vanquished.

Grand Total: 166 creatures vanquished

Notes
Turn   | Place    | Note
-------+----------+-------------------------------------------
     0 | D:1      | MisterOstroum the Troll Berserker began the quest for the
                  | Orb.
     0 | D:1      | Reached XP level 1. HP: 22/22 MP: 0/0
   216 | D:1      | Reached XP level 2. HP: 29/29 MP: 1/1
   603 | D:2      | Reached XP level 3. HP: 33/37 MP: 2/2
   696 | D:2      | Reached ** piety under Trog
  1063 | D:2      | Found a radiant altar of Vehumet.
  1391 | D:2      | Found a snail-covered altar of Cheibriados.
  1642 | D:3      | Gained mutation: Your natural rate of healing is unusually
                  | fast. [Troll growth]
  1642 | D:3      | Reached XP level 4. HP: 45/45 MP: 3/3
  1726 | D:3      | Found a sparkling altar of Nemelex Xobeh.
  1788 | D:3      | Reached XP level 5. HP: 42/54 MP: 4/4
  1821 | D:3      | Found a deep blue altar of Sif Muna.
  1822 | D:3      | Noticed Grinder
  1822 | D:3      | Paralysed by Grinder for 4 turns
  1832 | D:3      | Killed Grinder
  1832 | D:3      | Reached skill level 1 in Throwing
  1832 | D:3      | Reached XP level 6. HP: 63/63 MP: 5/5
  1952 | D:3      | Reached skill level 5 in Unarmed Combat
  2027 | D:3      | Noticed Ijyb
  2038 | D:3      | Killed Ijyb
  2076 | D:3      | Noticed Terence
  2081 | D:3      | Killed Terence
  2583 | D:4      | Reached *** piety under Trog
  2608 | D:4      | Found a glowing drain.
  2631 | Sewer    | Entered a sewer
  2680 | Sewer    | Reached XP level 7. HP: 71/71 MP: 6/6
  2814 | D:4      | Reached skill level 5 in Fighting
  3250 | D:5      | Entered Level 5 of the Dungeon
  3349 | D:6      | Found a runed translucent gate.
  3349 | D:6      | Found a runed translucent gate.
  3350 | D:6      | Found a runed translucent gate.
  3350 | D:6      | Noticed a meliai
  3350 | D:6      | Noticed tellerius's ghost (novice GrMo)
  3358 | D:6      | Noticed a harpy
  3358 | D:6      | a meliai changed into a harpy
  3377 | D:6      | Noticed a salamander
  3377 | D:6      | a harpy changed into a salamander
  3383 | D:6      | Noticed a slime creature
  3383 | D:6      | a salamander changed into a slime creature
  3456 | D:6      | Noticed a hungry ghost
  3461 | D:6      | Killed a hungry ghost
  3491 | D:6      | Reached XP level 8. HP: 76/83 MP: 7/7
  3600 | D:6      | Noticed an alligator
  3601 | D:6      | Noticed an ice dragon
  3601 | D:6      | an alligator changed into an ice dragon
  3638 | D:6      | Received a gift from Trog
  3943 | D:6      | Got a dazzling short sword
  3968 | D:6      | Noticed a shadow dragon
  3975 | D:6      | Identified the +4 short sword "Morphail" {holy, rF+ MR+
                  | Str+6 Int-2} (You found it on level 6 of the Dungeon)
  4188 | D:7      | Received a gift from Trog
  4319 | D:7      | Noticed a hornet
  4325 | D:7      | Killed a hornet
  4325 | D:7      | Reached XP level 9. HP: 65/92 MP: 8/8
  4487 | D:7      | Found a basalt altar of Yredelemnul.
  4522 | D:7      | Found a white marble altar of Elyvilon.
  4648 | D:7      | Reached **** piety under Trog
  4710 | D:7      | Noticed a rakshasa
  4745 | D:7      | Noticed a troll
  4754 | D:7      | Killed a troll
  4754 | D:7      | Reached skill level 5 in Throwing
  5013 | D:8      | Noticed a manticore
  5024 | D:8      | Killed a manticore
  5024 | D:8      | Reached XP level 10. HP: 68/106 MP: 9/9
  5191 | D:8      | Found a deep blue altar of Sif Muna.
  5380 | D:8      | Found an ancient bone altar of Kikubaaqudgha.
  5506 | D:9      | Found a glowing silver altar of Zin.
  5513 | D:9      | Noticed a rakshasa
  5527 | D:9      | Killed a rakshasa
  5555 | D:9      | Noticed Harold
  5591 | D:9      | HP: 5/107 [Harold/bolt of fire (40)]
  5596 | D:9      | HP: 1/107 [Harold/+1 trident of venom (12)]
  5597 | D:9      | Succumbed to Harold's poison

Skill      XL: |  1  2  3  4  5  6  7  8  9 10 |
---------------+-------------------------------+-----
Fighting       | 3 4 5 6 8 9 |  9.0
Unarmed Combat | 4 5 6 8 9 |  9.1
Throwing       | 1 2 3 4 6 |  6.2
Dodging        | |  2.7
Evocations     | |  0.9

Action                   |  1- 3 |  4- 6 |  7- 9 | 10-12 || total
-------------------------+-------+-------+-------+-------++-------
Melee: Unarmed           |    93 |   102 |   236 |    15 ||   446
       Punch             |     1 |     2 |     6 |     1 ||    10
Throw: Stone             |    58 |    31 |    70 |    14 ||   173
       Javelin           |       |       |       |     3 ||     3
Invok: Berserk           |       |     5 |     7 |     2 ||    14
       Trog's Hand       |       |       |     1 |       ||     1
       Brothers in Arms  |       |       |       |     1 ||     1
  Use: Scroll            |       |    13 |     2 |       ||    15
       Potion            |       |       |       |     4 ||     4
 Stab: Sleeping          |       |       |     1 |       ||     1
  Eat: Chunk             |    16 |    10 |    30 |     3 ||    59
Armor: Skin              |    34 |    27 |    94 |     1 ||   156
Dodge: Dodged            |    36 |    39 |   139 |     9 ||   223
